 Dungeon Crawl Stone Soup version 0.30-a0-760-g5a9884bb7c (webtiles) character file.

Game seed: 4536306629022929259

97001 dolemite99 the Warrior (level 16, -19/126 HPs)
             Began as a Djinni Earth Elementalist on Feb 11, 2023.
             Was a High Priest of Makhleb.
             Demolished by a juggernaut zombie (50 damage)
             ... on level 15 of the Dungeon on Feb 12, 2023.
             The game lasted 01:21:51 (45758 turns).

dolemite99 the Warrior (Djinni Earth Elementalist) Turns: 45758, Time: 01:21:52

Health: -19/126    AC: 13    Str:  7    XL:     16   Next: 68%
Gold:   487        EV: 19    Int: 25    God:    Makhleb [*****.] SH:  6 Dex: 17

rFire   + + .      SeeInvis +    a - +4 scimitar "Goblinbane" {freeze, Dex+3}
rCold   + . .      Faith    +    i - +0 buckler
rNeg    . . .      Spirit   .    E - +4 ring mail of Polish {rC++}
rPois   ∞          Reflect  .    x - +0 hat
rElec   .          Harm     .    f - +1 cloak {Stlth+}
rCorr   .          Rampage  .    A - +1 pair of gloves
Will    +....                    (boots unavailable)
Stlth   ++                       d - amulet of faith
HPRegen 0.41/turn                w - +5 ring of evasion
MPRegen 0.00/turn                r - ring of see invisible

@: flying, invisible
A: sickness immunity, fire resistance 2, cold vulnerability 1, float, innate
caster, HP casting, extra vitality 1
a: Renounce Religion, Minor Destruction, Lesser Servant of Makhleb, Major
Destruction, Greater Servant of Makhleb


You were on level 15 of the Dungeon.
You worshipped Makhleb.
Makhleb was extremely pleased with you.
You visited 3 branches of the dungeon, and saw 22 of its levels.
You also visited: Sewer.

You collected 2386 gold pieces.
You spent 1899 gold pieces at shops.

Inventory:

Hand Weapons
 a - the +4 scimitar "Goblinbane" (weapon) {freeze, Dex+3}
   (You found it on level 5 of the Dungeon)

   Dex:       It affects your dexterity (+3).
 b - a +2 arbalest of freezing
 R - a +4 scimitar of freezing
Missiles
 m - 2 silver boomerangs (quivered)
 q - 13 boomerangs
 t - 9 javelins
 z - 18 poisoned darts
 C - 2 atropa-tipped darts
Armour
 f - a +1 cloak of stealth (worn)
 i - a +0 buckler (worn)
 x - a +0 hat (worn)
 A - a +1 pair of gloves (worn)
 E - the +4 ring mail of Polish (worn) {rC++}
   (You bought it in a shop on level 2 of the Dungeon)

   rC:        It greatly protects you from cold.
 F - a +0 kite shield
 M - a +2 cloak
 O - a +1 leather armour of willpower
 T - an orb of guile
Jewellery
 d - an amulet of faith (around neck)
 r - a ring of see invisible (right hand)
 w - a +5 ring of evasion (left hand)
 D - a ring of fire
 G - a ring of protection from fire
 I - a ring of ice
 S - an amulet of reflection
Wands
 v - a wand of charming (30)
 B - a wand of flame (15)
 K - a wand of mindburst (1)
 N - a wand of digging (9)
 P - a wand of roots (4)
Scrolls
 e - 5 scrolls of immolation
 g - a scroll of fog
 h - 6 scrolls of identify {@r1}
 j - a scroll of teleportation
 n - a scroll of magic mapping
 y - 3 scrolls of vulnerability
 W - 2 scrolls of brand weapon
Potions
 c - 7 potions of lignification
 l - 5 potions of cancellation
 o - 2 potions of attraction
 p - 3 potions of mutation
 s - 4 potions of magic
 u - 7 potions of ambrosia
 H - 2 potions of resistance
 L - a potion of brilliance


   Skills:
 - Level 15.2 Fighting
 - Level 7.6 Long Blades
 - Level 11.0 Dodging
 - Level 1.5 Stealth
 + Level 8.4 Shields
 - Level 10.8 Spellcasting
 + Level 12.0 Invocations
 - Level 6.7 Evocations


You couldn't memorise any spells.
You knew the following spells:

 Your Spells              Type           Power      Damage    Failure   Level
a - Ozocubu's Armour      Ice            61%        N/A       1%          3
b - Stone Arrow           Conj/Erth      100%       3d13      1%          3
c - Arcjolt               Conj/Air       30%        1d40      6%          5
d - Manifold Assault      Tloc           61%        N/A       2%          4
e - Sting                 Tmut/Pois      100%       1d8       1%          1
f - Momentum Strike       Conj/Tloc      100%       3d10      1%          2
g - Petrify               Tmut/Erth      61%        N/A       2%          4
h - Agony                 Necr           61%        N/A       6%          5
i - Passwall              Tmut/Erth      50%        N/A       1%          2
j - Sandblast             Erth           100%       2d20      1%          1
k - Summon Cactus Giant   Summ           30%        N/A       34%         6
Your spell library was empty.

Dungeon Overview and Level Annotations

Branches:
Dungeon (15/15)            Temple (0/1) D:4            Lair (5/5) D:8
  Swamp (0/4) Lair:3       Spider (0/4) Lair:3        Slime (0/5) Lair:5
    Orc (2/2) D:12            Elf (0/3) Orc:2        Vaults (0/5) D:14
 Depths (0/4) D:15          Sewer (visited)

Altars:
Ashenzari
Cheibriados
Fedhas
Gozag
Hepliaklqana
Makhleb
Nemelex Xobeh
Ru
Uskayaw
Wu Jian
Xom
Zin

Shops:
D:2 *   D:12 (   Orc:1 [   Orc:2 [?((

Portals:
Trove: D:13 (give +6 demon whip)

Annotations:
D:6 exclusion: upstairs
D:11 3 runed translucent doors
D:14 exclusion: 2 ice statues
D:15 1 runed translucent door
Lair:5 dire phant vault - return later


Innate Abilities, Weirdness & Mutations

You are immune to sickness and miasma.
You are immune to poison.
Your flesh is very heat resistant. (rF++)
You are vulnerable to cold. (rC-)
You float through the air rather than walking.
You learn spells naturally, not from books.
Your magical power is your life essence.
You have superior vitality. (+4 MHP)


Message History

Press: ? - help, Shift-Dir - straight line, f - juggernaut zombie
Aim: a juggernaut zombie (lightly damaged)
The roots erupt in riotous growth!
Roots grab the juggernaut zombie.
The grasping roots constrict the juggernaut zombie.
The roots release their grip on the juggernaut zombie.
You feel yourself speed up.
Okay, then.
You fade into invisibility!
You block the juggernaut zombie's attack.
The juggernaut zombie hits you!!
Casting: Stone Arrow (safe; 1% risk of failure)
Confirm with . or Enter, or press ? or * to list all spells.
Aiming: Stone Arrow (safe; 1% risk of failure)
Press: ? - help, Shift-Dir - straight line, f/p - juggernaut zombie
Aim: a juggernaut zombie (lightly damaged, unable to see you, 100% to hit)
The stone arrow hits the juggernaut zombie!
The juggernaut zombie is lightly damaged.
* * * LOW HITPOINT WARNING * * *
Casting: Stone Arrow (safe; 1% risk of failure)
Confirm with . or Enter, or press ? or * to list all spells.
Aiming: Stone Arrow (safe; 1% risk of failure)
Press: ? - help, Shift-Dir - straight line, f/p - juggernaut zombie
Aim: a juggernaut zombie (lightly damaged, unable to see you, 100% to hit)
The stone arrow hits the juggernaut zombie!
The juggernaut zombie is lightly damaged.
* * * LOW HITPOINT WARNING * * *
Casting: Stone Arrow (safe; 1% risk of failure)
Confirm with . or Enter, or press ? or * to list all spells.
You can't see any susceptible monsters within range! (Use Z to cast anyway.)
Casting: Stone Arrow (safe; 1% risk of failure)
Confirm with . or Enter, or press ? or * to list all spells.
Aiming: Stone Arrow (safe; 1% risk of failure)
Press: ? - help, Shift-Dir - straight line, f/p - juggernaut zombie
Aim: a juggernaut zombie (lightly damaged, unable to see you, 100% to hit)
The stone arrow hits the juggernaut zombie!
The juggernaut zombie is moderately damaged.
* * * LOW HITPOINT WARNING * * *
The juggernaut zombie hits you!!!
You die...

..........#......<.#.........####
..........#........#.######..#
######....#........#.# ###.### .
#........#.# #.....# ..
#........'.# #.#.### ...
#...######.#####.._..#
....#####..........###.#.#
...................#.....#
.......).Z@........###.###
.......................#
...........########...##
........[..# #...# ...........#
#...# ...........# ##..#
...........# #..# ..........##
#..# >.........# #..#


You could see a juggernaut zombie (unable to see you).

Vanquished Creatures
  An orc warlord (Orc:2)
  Nessos (Lair:3)
  A yaktaur captain (D:14)
  5 centaur warriors
  An alligator (Lair:3)
  2 hydras
  2 ogre magi
  9 two-headed ogres
  5 boulder beetles
  A vampire mage (D:15)
  A tengu warrior (D:13)
  5 orc high priests (Orc:2)
  Amaemon (Lair:3)
  2 skysharks
  8 nameless horrors
  2 swamp dragons
  An orb spider (Lair:3)
  A flayed ghost (D:11)
  A wizard (D:13)
  2 deep elf pyromancers
  3 ugly things
  9 orc knights
  An orc sorcerer (Orc:2)
  A will-o-the-wisp (Lair:3)
  A faun (shapeshifter) (D:13)
  6 manticores
  4 cyclopes
  An elephant (Lair:1)
  3 black mambas
  An orange demon (Lair:3)
  5 cane toads
  A dire elephant skeleton (Lair:5)
  4 gargoyles
  A rime drake (Lair:1)
  3 unseen horrors (D:12)
  7 komodo dragons
  A tengu conjurer (D:14)
  3 yaktaurs
  A kobold demonologist (D:8)
  A meliai (D:13)
  12 trolls
  A queen bee (D:13)
  A hornet (D:8)
  A tyrant leech (Lair:2)
  A polar bear (Lair:5)
  12 blink frogs (Lair:3)
  2 dream sheep (D:10)
  Prince Ribbit (Lair:3)
  Sigmund (D:3)
  3 shadows
  7 wraiths
  A spriggan skeleton (D:15)
  38 yaks
  4 wyverns
  2 steam dragons
  16 fire bats (D:11)
  3 basilisks
  A basilisk (shapeshifter) (D:14)
  11 vampire mosquitoes
  2 swamp worms
  A redback simulacrum (D:15)
  2 wargs (Orc:2)
  Menkaure (D:7)
  10 water moccasins
  A swamp drake (Lair:3)
  2 sky beasts
  2 black bears
  38 orc warriors
  An ice beast (D:7)
  5 wolves (Lair:1)
  A boggart (D:13)
  9 centaurs
  7 ogres
  A phantom (D:12)
  5 kobold brigands
  7 bullfrogs
  A gnoll sergeant (D:7)
  2 scorpions
  7 wights
  A hornet simulacrum (D:14)
  2 troll zombies (D:12)
  12 killer bees (D:13)
  An electric eel (Lair:3)
  A crimson imp (D:6)
  13 howler monkeys
  2 jellies
  4 hounds
  A gnoll bouda (D:7)
  26 orc priests
  A scorpion zombie (D:4)
  3 iguanas
  10 orc wizards
  3 hell rats
  4 ogre zombies (D:12)
  2 hound zombies (D:4)
  A mummy (D:4)
  A howler monkey skeleton (D:4)
  8 gnolls
  3 river rats (Lair:3)
  3 adders
  3 adder zombies (D:4)
  2 adder skeletons (D:4)
  4 worms
  3 dart slugs
  77 orcs
  5 ball pythons
  53 bats
  7 endoplasms
  A giant cockroach (D:6)
  5 goblins
  2 hobgoblins
  4 jackals
  A quokka (D:1)
  4 goblin zombies (D:12)
  A hobgoblin skeleton (D:12)
  5 hobgoblin zombies (D:12)
  A jackal skeleton (D:4)
  12 kobolds
  9 orc zombies (D:12)
  12 rats
645 creatures vanquished.

Vanquished Creatures (collateral kills)
  Rupert (Lair:4)
  A hydra (Lair:2)
  A rakshasa (D:15)
  A catoblepas (Lair:4)
  An ogre mage (D:15)
  A centaur warrior (D:14)
  A boulder beetle (Lair:4)
  3 two-headed ogres
  An orc high priest (Orc:1)
  Sonja (Lair:3)
  A skyshark (Lair:4)
  A goliath frog (Lair:3)
  A necromancer (D:15)
  5 ugly things (D:14)
  Joseph (D:10)
  7 elephants
  2 cane toads
  2 komodo dragons
  A guardian mummy (D:15)
  2 meliai (D:13)
  5 trolls
  2 blink frogs (Lair:3)
  19 yaks
  Grum (D:10)
  A hog (D:15)
  A vampire mosquito (D:13)
  A warg (Orc:1)
  4 water moccasins
  12 orc warriors
  3 ogres
  6 wolves
  A bullfrog (Lair:1)
  A wight (D:10)
  11 killer bees (D:13)
  A gnoll bouda (D:10)
  4 orc priests
  4 orc wizards
  2 gnolls (D:10)
  10 orcs
  A bat (D:11)
125 creatures vanquished.

Vanquished Creatures (others)
  2 orcs
  3 bushes
  10 foxfires (Lair:3)
  47 fungi
  66 plants
  15 withered plants
143 creatures vanquished.

Grand Total: 913 creatures vanquished

Notes
Turn   | Place    | Note
-------+----------+-------------------------------------------
     0 | D:1      | dolemite99 the Djinni Earth Elementalist began the quest
                  | for the Orb.
     0 | D:1      | dolemite99 set off with the following spells memorised:
                  | Sandblast, Passwall, Stone Arrow, Petrify.
     0 | D:1      | Reached XP level 1. HP: 15/15 MP: 0/0
   103 | D:1      | Reached XP level 2. HP: 20/21 MP: 0/0
   696 | D:2      | Found Ynwumul's General Store.
   700 | D:2      | Bought a scroll of teleportation for 42 gold pieces
   788 | D:2      | Reached XP level 3. HP: 22/25 MP: 0/0
   788 | D:2      | Learned a level 1 spell: Sting
  1012 | D:2      | Found a burning altar of Makhleb.
  1021 | D:2      | Became a worshipper of Makhleb the Destroyer
  1337 | D:3      | Found a faded altar of an unknown god.
  1517 | D:3      | Noticed Sigmund
  1619 | D:4      | Reached XP level 4. HP: 10/31 MP: 0/0
  1926 | D:4      | Noticed a black bear
  2214 | D:4      | Reached XP level 5. HP: 22/35 MP: 0/0
  2214 | D:4      | Learned a level 2 spell: Momentum Strike
  2774 | D:4      | Found a staircase to the Ecumenical Temple.
  2812 | D:4      | Reached XP level 6. HP: 39/40 MP: 0/0
  2906 | D:4      | Reached * piety under Makhleb
  2907 | D:4      | Reached skill level 5 in Spellcasting
  2993 | D:4      | Found a snail-covered altar of Cheibriados.
  3264 | D:5      | Entered Level 5 of the Dungeon
  3286 | D:5      | Noticed an ogre
  3301 | D:5      | Killed an ogre
  3302 | D:5      | Reached XP level 7. HP: 19/45 MP: 0/0
  3302 | D:5      | Learned a level 3 spell: Ozocubu's Armour
  4084 | D:5      | You are sucked into a shaft and drop 1 floor!
  4214 | D:6      | Found a glowing drain.
  4224 | Sewer    | Entered a sewer
  4231 | Sewer    | Reached ** piety under Makhleb
  5037 | D:6      | Found a hazy altar of Hepliaklqana.
  5037 | D:6      | Found a faded altar of an unknown god.
  5212 | D:6      | Found an ornate altar of the Wu Jian Council.
  5320 | D:6      | Reached XP level 8. HP: 31/50 MP: 0/0
  5805 | D:6      | Found a sparkling altar of Nemelex Xobeh.
  5935 | D:6      | Reached skill level 1 in Invocations
  6375 | D:5      | Noticed a rust devil
  6375 | D:5      | Noticed a rust devil
  6458 | D:7      | Noticed Menkaure
  6492 | D:7      | Killed Menkaure
  6558 | D:7      | Reached XP level 9. HP: 55/55 MP: 0/0
  6558 | D:7      | Learned a level 4 spell: Manifold Assault
  6616 | D:7      | Reached skill level 5 in Invocations
  6729 | D:7      | Reached skill level 1 in Fighting
  6746 | D:7      | Reached skill level 2 in Fighting
  6861 | D:7      | Found a sacrificial altar of Ru.
  6909 | D:7      | Found a hide-covered altar of Uskayaw.
  6945 | D:7      | Reached *** piety under Makhleb
  6961 | D:7      | Reached skill level 3 in Fighting
  7395 | D:7      | Noticed a +0 hand axe
  7395 | D:7      | Noticed a +0 hand axe
  7503 | D:8      | Found a staircase to the Lair.
  7518 | D:8      | Noticed a two-headed ogre
  7529 | D:8      | Killed a two-headed ogre
  7530 | D:8      | Reached skill level 5 in Fighting
  7686 | D:8      | Noticed a kobold demonologist
  7693 | D:8      | Killed a kobold demonologist
  7694 | D:8      | Reached skill level 6 in Fighting
  7694 | D:8      | Reached XP level 10. HP: 65/73 MP: 0/0
  7753 | D:8      | Reached skill level 7 in Fighting
  8148 | D:8      | Reached skill level 8 in Fighting
  9304 | D:9      | Reached skill level 9 in Fighting
  9707 | D:9      | Reached skill level 10 in Fighting
 10133 | D:9      | Found a burning altar of Makhleb.
 10135 | D:9      | Found a blossoming altar of Fedhas.
 10271 | D:10     | Entered Level 10 of the Dungeon
 10373 | D:10     | Noticed a two-headed ogre
 10383 | D:10     | Killed a two-headed ogre
 10384 | D:10     | Reached skill level 11 in Fighting
 10384 | D:10     | Reached XP level 11. HP: 37/87 MP: 0/0
 10384 | D:10     | Learned a level 5 spell: Arcjolt
 10891 | D:10     | Reached skill level 12 in Fighting
 11118 | D:10     | Noticed Joseph
 11154 | D:10     | Killed Joseph
 11307 | D:10     | Noticed Grum
 11316 | D:10     | Noticed a two-headed ogre
 11321 | D:10     | Killed Grum
 11326 | D:10     | Killed a two-headed ogre
 11327 | D:10     | Reached skill level 13 in Fighting
 11874 | D:10     | Noticed a three-headed hydra
 11885 | D:10     | Killed a three-headed hydra
 12528 | D:5      | Identified the +4 scimitar "Goblinbane" {freeze, Dex+3}
 13269 | D:3      | Killed Sigmund
 13559 | D:11     | Noticed a glowing orange brain
 13559 | D:11     | Noticed a brown ugly thing
 13559 | D:11     | Noticed a moth of wrath
 13559 | D:11     | Found a runed translucent gate.
 13559 | D:11     | Found a runed translucent gate.
 13559 | D:11     | Found a runed translucent gate.
 13583 | D:11     | Found a blossoming altar of Fedhas.
 14080 | D:11     | Reached XP level 12. HP: 44/98 MP: 0/0
 14083 | D:11     | HP: 2/98 [yak (12)]
 14622 | D:11     | Noticed a satyr
 14648 | D:11     | Found a runed translucent door.
 14662 | D:11     | Reached **** piety under Makhleb
 14826 | D:11     | Found a shimmering altar of Xom.
 14851 | D:11     | Found a broken altar of Ashenzari.
 14869 | D:11     | Found a broken altar of Ashenzari.
 14910 | D:11     | Found a snail-covered altar of Cheibriados.
 14918 | D:11     | Reached skill level 14 in Fighting
 15086 | D:11     | Found a glowing silver altar of Zin.
 15120 | D:11     | Reached ***** piety under Makhleb
 15303 | D:11     | Found an ornate altar of the Wu Jian Council.
 15425 | D:11     | Noticed a flayed ghost
 15425 | D:11     | Found the +18 shield of the Gong {Loud rN+ Will+ rCorr
                  | EV-5}
 15431 | D:11     | Killed a flayed ghost
 15435 | D:11     | Identified the +1 scale mail "Jaxeckal" {Fly rCorr Int-5
                  | Dex+2}
 15436 | D:11     | Identified the +0 scale mail "Xeuvusk" {rF++}
 15531 | D:11     | Identified the +1 robe of Jyloe {Stlth+}
 15579 | D:11     | Identified the +7 falchion "Yraru" {flame, Str-4 Int+3
                  | Dex+2}
 15636 | D:11     | Noticed a boulder beetle
 15648 | D:11     | Killed a boulder beetle
 16020 | D:2      | Bought the +4 ring mail of Polish {rC++} for 679 gold
                  | pieces
 16192 | Lair:1   | Entered Level 1 of the Lair of Beasts
 16867 | Lair:1   | Reached XP level 13. HP: 106/106 MP: 0/0
 16867 | Lair:1   | Learned a level 5 spell: Agony
 18028 | Lair:2   | Noticed a seven-headed hydra
 18039 | Lair:2   | Killed a seven-headed hydra
 18190 | Lair:2   | Reached skill level 5 in Dodging
 19154 | Lair:3   | Found a staircase to the Swamp.
 19228 | Lair:3   | Noticed Prince Ribbit
 20582 | Lair:3   | Noticed Sonja
 20588 | Lair:3   | Killed Sonja
 20902 | Lair:2   | Reached skill level 10 in Dodging
 21433 | Lair:3   | Noticed Nessos
 21477 | Lair:3   | Killed Prince Ribbit
 21800 | Lair:3   | Killed Nessos
 21801 | Lair:3   | Reached XP level 14. HP: 21/112 MP: 0/0
 23804 | Lair:3   | Found a hole to the Spider Nest.
 23804 | Lair:3   | Noticed Amaemon
 23818 | Lair:3   | Killed Amaemon
 23933 | Lair:3   | Reached skill level 10 in Invocations
 24403 | Lair:4   | Noticed Rupert
 24419 | Lair:4   | Killed Rupert
 24420 | Lair:4   | Reached skill level 10 in Spellcasting
 25453 | Lair:5   | Entered Level 5 of the Lair of Beasts
 25564 | Lair:5   | Found a staircase to the Slime Pits.
 27234 | Lair:5   | Noticed a dire elephant
 27234 | Lair:5   | Noticed a dire elephant
 27763 | D:12     | Found Fooji's Weapon Shop.
 28048 | D:12     | Reached skill level 1 in Evocations
 28624 | D:12     | Found a staircase to the Orcish Mines.
 29225 | D:12     | Reached XP level 15. HP: 18/118 MP: 0/0
 29225 | D:12     | Learned a level 6 spell: Summon Cactus Giant
 29226 | D:12     | HP: 3/118 [manticore (8)]
 29795 | D:12     | Reached skill level 5 in Evocations
 31214 | Orc:1    | Entered Level 1 of the Orcish Mines
 31953 | Orc:2    | Entered Level 2 of the Orcish Mines
 31957 | Orc:2    | Noticed an orc warlord
 31962 | Orc:2    | Reached skill level 1 in Long Blades
 32355 | Orc:2    | Killed an orc warlord
 33741 | Orc:2    | Reached skill level 5 in Long Blades
 34597 | Orc:2    | Found a staircase to the Elven Halls.
 34789 | Orc:1    | Found Teikyodgh's Antique Armour Shoppe.
 35027 | Orc:1    | Bought a faintly humming leather armour for 182 gold pieces
 35027 | Orc:1    | Identified the +1 leather armour "Uvvaamig" {rF+} (You
                  | bought it in a shop on level 1 of the Orcish Mines)
 35030 | Orc:1    | Bought an embroidered cloak for 195 gold pieces
 35078 | Orc:2    | Reached ****** piety under Makhleb
 36157 | Orc:2    | Found Viez's Weapon Shop.
 36157 | Orc:2    | Found Riumes's Weapon Shop.
 36158 | Orc:2    | Found Hemazuoh's Magic Scroll Boutique.
 36158 | Orc:2    | Found Buthi's Armour Shop.
 36746 | Orc:2    | Bought a scroll of fog for 60 gold pieces
 36746 | Orc:2    | Bought a scroll of teleportation for 45 gold pieces
 36746 | Orc:2    | Bought a scroll of summoning for 142 gold pieces
 36746 | Orc:2    | Bought a scroll of enchant armour for 112 gold pieces
 36749 | Orc:2    | Bought a scroll of magic mapping for 112 gold pieces
 37031 | D:2      | Bought 3 javelins for 126 gold pieces
 37246 | D:12     | Bought 4 javelins for 204 gold pieces
 37321 | D:14     | Reached skill level 1 in Shields
 38038 | D:13     | Paralysed by something for 4 turns
 38052 | D:13     | Reached XP level 16. HP: 86/124 MP: 0/0
 38350 | D:13     | Reached skill level 5 in Shields
 38654 | D:13     | Reached skill level 15 in Fighting
 40074 | D:13     | Found a portal to a secret trove of treasure.
 41018 | D:14     | Found a gate to the Vaults.
 43880 | D:15     | Entered Level 15 of the Dungeon
 44426 | D:15     | Found a runed translucent door.
 45373 | D:15     | Found an opulent altar of Gozag.
 45736 | D:15     | Found a staircase to the Depths.
 45758 | D:15     | Demolished by a juggernaut zombie

Illustrated notes

Levels and vault maps discovered:
D:1:      dpeg_arrival_ternary, layout_basic
D:2:      layout_basic, basic_altar, serial_shops, nicolae_shop_hallway_stairs
D:3:      minmay_inner_zag, layout_rooms, nicolae_ecumenical_pavilion,
          nrook_mini_vaults, uniq_sigmund
D:4:      layout_basic, chei_slow_surprise, minmay_temple_entry_proselytizer,
          serial_undead, serial_undead_b, serial_undead_d, serial_undead_c,
          serial_undead_a, minmay_stone_trees_small
D:5:      cheibrodos_iron_armory, layout_loops_ring, minmay_misc_feat_diagonals
D:6:      layout_basic, mainiacjoe_overflow_tiny_flanked, nemelex_altar_shiori,
          beargit_hepliaklqana_dungeon_heroes, cheibrodos_sewer_entry_drain,
          minmay_fire_ice_demons
D:7:      layout_cave_pools, dancing_weapons_uskayaw, lemuel_round_altar,
          uniq_menkaure
D:8:      layout_loops_corners, dpeg_oklobed_lair
D:9:      layout_loops_cross, minitemple, enter_bailey_2
D:10:     layout_small_grid, hangedman_ranch, uniq_joseph, uniq_grum
D:11:     due_megacathedral, layout_small_grid,
          ploomutoo_gammafunk_ghost_potion_laboratory, fedhas_altar_3
D:12:     minmay_box_of_statues, layout_loops_ring, zombieorc1_lemuel,
          serial_shops, shop_fountains
D:13:     layout_roguey [special_room_bee], enter_trove_2, minmay_crystal_water,
          minmay_the_grid_2x2 [minmay_the_grid_holed_spiral,
          minmay_the_grid_paths, minmay_the_grid_all_tris,
          minmay_the_grid_prize_inner_circle]
D:14:     layout_cross, david_vaults_2, portal_ice_cave_entry_ice_statue_two,
          serial_rivers, chequers_serial_rivers_small_a,
          chequers_serial_rivers_small_b, chequers_serial_rivers_micro_d,
          chequers_serial_rivers_micro_a
D:15:     gammafunk_depths_entry_grave, layout_irregular_city,
          nicolae_gozag_cash_rules_everything_around_me, nicolae_danse_macabre,
          uniq_kirke
Lair:1:   layout_layer_cave, infiniplex_staircase_pool
Lair:2:   layout_chaotic_city, serial_bayou_shore_b
Lair:3:   onia_ninara_swampy_vault, layout_misc_corridors,
          minmay_swamp_entry_wisps, nicolae_spider_entry_orb_guardian,
          serial_bayou_ford_a, kennysheep_abandoned_house, uniq_prince_ribbit2,
          uniq_sonja, uniq_amaemon, uniq_nessos
Lair:4:   layout_regular_city, nicolae_lair_grazing_beasts
          [nicolae_sub_lair_graze_edge, nicolae_sub_lair_graze_edge,
          nicolae_sub_lair_graze_edge, nicolae_sub_lair_graze_edge], uniq_rupert
Lair:5:   due_jungle_book, layout_regular_city, slime_entry_1
Orc:1:    layout_caves, serial_shops, nicolae_shop_hallway_stairs, mines2_lemuel
Orc:2:    st_orc_pillars, layout_caves

Skill      XL: |  1  2  3  4  5  6  7  8  9 10 11 12 13 14 15 16 |
---------------+-------------------------------------------------+-----
Spellcasting   | 3 4 5 6 7 8 9 10 | 10.8
Invocations    | 4 6 8 9 11 12 | 12.0
Fighting       | 6 11 13 14 15 | 15.2
Dodging        | 11 | 11.0
Evocations     | 3 6 |  6.7
Long Blades    | 7 |  7.6
Shields        | 3 8 |  8.4
Stealth        | |  1.5

Action                     |  1- 3 |  4- 6 |  7- 9 | 10-12 | 13-15 | 16-18 || total
---------------------------+-------+-------+-------+-------+-------+-------++-------
  Melee: Unarmed           |       |       |     4 |       |       |       ||     4
         Dagger            |       |       |       |       |    10 |       ||    10
         Scimitar          |       |       |       |       |    97 |    59 ||   156
   Fire: Sling             |       |       |    59 |   106 |   164 |       ||   329
         Arbalest          |       |       |       |       |    80 |       ||    80
  Throw: Dart              |       |       |       |       |    44 |    14 ||    58
         Boomerang         |       |       |       |       |    14 |       ||    14
   Cast: Sandblast         |    47 |    51 |    99 |   176 |    82 |       ||   455
         Stone Arrow       |       |     2 |    23 |    93 |   256 |    98 ||   472
         Momentum Strike   |       |       |       |     1 |       |       ||     1
         Arcjolt           |       |       |       |     1 |   154 |    31 ||   186
         Ozocubu's Armour  |       |       |       |     1 |     8 |       ||     9
         Petrify           |       |       |       |       |     7 |     4 ||    11
         Agony             |       |       |       |       |     3 |       ||     3
         Manifold Assault  |       |       |       |       |    13 |    12 ||    25
         Summon Cactus Gia |       |       |       |       |     3 |     4 ||     7
 Invoke: Lesser Servant of |       |       |       |    27 |    32 |    10 ||    69
         Major Destruction |       |       |       |     4 |    13 |     5 ||    22
         Greater Servant o |       |       |       |       |     4 |     3 ||     7
  Evoke: Wand              |       |       |       |     5 |    34 |     5 ||    44
    Use: Scroll            |       |     7 |     7 |    12 |    14 |     8 ||    48
         Potion            |       |     1 |     1 |     1 |    22 |     5 ||    30
   Stab: Petrified         |       |       |       |       |     8 |       ||     8
 Armour: Robe              |     8 |     1 |     8 |     5 |       |       ||    22
         Ring mail         |       |       |       |   183 |   246 |    36 ||   465
  Dodge: Dodged            |    33 |    19 |    44 |   204 |   595 |    99 ||   994
  Block: Buckler           |       |       |       |       |    28 |    39 ||    67

Table legend: (Time is in decaauts)
 A = Elapsed time spent in this place.
 B = Non-inter-level travel time spent in this place.
 C = Inter-level travel time spent in this place.
 D = Time resting spent in this place.
 E = Time spent auto-exploring this place.
 F = Levels seen in this place.
 G = Mean time per level.
                   A        B        C        D        E       F      G
               +--------+--------+--------+--------+--------+-----+--------+
         Total |  46348 |  43679 |   2669 |  24701 |  12755 |  23 | 2015.1 |
       Dungeon |  28944 |  26813 |   2131 |  14446 |   8429 |  15 | 1929.6 |
          Lair |  11509 |  11206 |    303 |   6120 |   3707 |   5 | 2301.8 |
  Orcish Mines |   5078 |   4845 |    233 |   3395 |    609 |   2 | 2539.0 |
         Sewer |    815 |    815 |      0 |    739 |     10 |   1 |  815.0 |
               +--------+--------+--------+--------+--------+-----+--------+

Top non-repeatable levels by time:
    D:13: 4922 daAuts
    D:12: 4044 daAuts
  Lair:2: 3240 daAuts
   Orc:2: 3214 daAuts
  Lair:3: 3167 daAuts
    D:11: 2459 daAuts
    D:14: 2404 daAuts
    D:10: 2231 daAuts
     D:8: 2139 daAuts
     D:4: 1988 daAuts
   Orc:1: 1864 daAuts
  Lair:4: 1755 daAuts
  Lair:1: 1746 daAuts
     D:6: 1698 daAuts
  Lair:5: 1599 daAuts
